 Dungeon Crawl Stone Soup version 0.19.5 (webtiles) character file.

35 equalderp2856 the Sneak (level 3, -2/15 HPs)
             Began as a Felid Ice Elementalist on Apr 1, 2017.
             Killed by miscasting Summon Ice Beast (8 damage)
             ... on level 1 of the Dungeon.
             The game lasted 00:09:07 (6270 turns).

equalderp2856 the Sneak (Felid Ice Elementalist)    Turns: 6270, Time: 00:09:07

Health: -2/15      AC:  1    Str:  4    XL:     3   Next: 17%
Magic:  0/7        EV: 19    Int: 16    God:
Gold:   69         SH:  0    Dex: 17    Spells: 2 memorised, 1 level left
                                        Lives:  0   Deaths: 1

rFire  . . .     SeeInvis +       - Unarmed
rCold  + . .     Gourm    .     (armour unavailable)
rNeg   . . .     Faith    .     (shield unavailable)
rPois  .         Spirit   .     (helmet unavailable)
rElec  .         Reflect  .     (cloak unavailable)
rCorr  .         Harm     .     (gloves unavailable)
MR     .....                    (boots unavailable)
Stlth  ++........               (no amulet)
                                j - ring of see invisible
                                e - ring of protection from cold

@: contaminated, glowing, quick
A: no armour, no weapons or thrown items, stealth, claws 1, fangs 3, see
invisible, carnivore 3, speed 1, shaggy fur 1, slow metabolism 1, sharp paws
a: no special abilities


You were on level 1 of the Dungeon.
You were not hungry.

You visited 1 branch of the dungeon, and saw 3 of its levels.

You collected 69 gold pieces.

Inventory:

Missiles
 f - 33 stones
Jewellery
 e - a ring of protection from cold (left paw)
 j - a ring of see invisible (right paw)
 l - an uncursed ring of fire {unknown}
Scrolls
 k - a scroll of teleportation
Potions
 c - 3 potions of brilliance {unknown}
 d - 2 potions of lignification {unknown}
Books
 a - a book of Frost

   Spells                             Type                      Level
   a - Freeze                         Ice                          1
   b - Throw Frost                    Conjuration/Ice              2
   c - Ozocubu's Armour               Charms/Ice                   3
   d - Throw Icicle                   Conjuration/Ice              4
   e - Summon Ice Beast               Ice/Summoning                4
Comestibles
 b - 4 meat rations
 g - a slice of pizza


   Skills:
 + Level 0.4 Fighting
 + Level 3.7 Dodging
 + Level 4.2 Stealth
 + Level 1.5 Unarmed Combat
 - Level 2.1 Spellcasting
   Level 0.8 Conjurations
 - Level 2.9 Ice Magic


You had one spell level left.
You knew the following spells:

 Your Spells              Type           Power        Failure   Level  Hunger
a - Freeze                Ice            ##..         10%         1    #......
b - Summon Ice Beast      Ice/Summ       #.......     91%         4    #####..


Dungeon Overview and Level Annotations

Branches:
Dungeon (3/15)

Altars:
Okawaru

Annotations:
D:2 1 runed door


Innate Abilities, Weirdness & Mutations

You cannot wear armour.
You are incapable of wielding weapons or throwing items.
Your paws allow you to move quietly. (Stealth)
You have sharp claws.
You have razor-sharp teeth.
You have supernaturally acute eyesight. (SInv)
You are carnivorous and can eat meat at any time.
You cover ground quickly.
You are covered in fur. (AC +1)
You have a slow metabolism.
Your sharp claws are effective at attacking unaware monsters.


Message History

Confirm with . or Enter, or press ? or * to list all spells.
The spell is very dangerous to cast!
Continue anyway?
Okay, then.
Casting: Summon Ice Beast
Confirm with . or Enter, or press ? or * to list all spells.
The spell is very dangerous to cast!
Continue anyway?
You miscast Summon Ice Beast.
You are contaminated with residual magic.
Strange energies run through your body.
Unknown command.
Casting: Summon Ice Beast
Confirm with . or Enter, or press ? or * to list all spells.
You don't have enough magic to cast that spell.
Casting: Summon Ice Beast
Confirm with . or Enter, or press ? or * to list all spells.
The spell is very dangerous to cast!
Continue anyway?
You miscast Summon Ice Beast.
You are caught in a localised spatial distortion.
Ouch! That really hurt!
You die...

##### #...# ########
#...# #...(..# #...#
#......# #...#
#......#
#####...###......#####
................@....#
###'######......)....#
#.....# #.####......#
##.....# #.##.'......#
.'.....# #.##.#..(...#
.#.....# #.##.########
.#.....# #.##......#
.##รท#### #.#######.#
.##.# #.#######'###


There were no monsters in sight!

Vanquished Creatures
  3 adders
  A worm (D:2)
  A dart slug (D:1)
  2 giant cockroaches (D:1)
  4 goblins
  7 hobgoblins
  A ball python (D:2)
  6 bats
  4 frilled lizards
  8 kobolds
  9 rats
46 creatures vanquished.

Vanquished Creatures (collateral kills)
  An ooze (D:1)
1 creature vanquished.

Grand Total: 47 creatures vanquished

Notes
Turn   | Place    | Note
-------+----------+-------------------------------------------
     0 | D:1      | equalderp2856 the Felid Ice Elementalist began the quest for the Orb.
     0 | D:1      | Reached XP level 1. HP: 7/7 MP: 4/4
   589 | D:1      | Reached skill level 3 in Stealth
   589 | D:1      | Reached XP level 2. HP: 11/11 MP: 0/6
  1161 | D:1      | Reached skill level 1 in Unarmed Combat
  1425 | D:2      | Reached XP level 3. HP: 10/14 MP: 7/7
  1613 | D:2      | Found an iron altar of Okawaru.
  2107 | D:2      | Found a runed door.
  2210 | D:2      | Reached skill level 4 in Stealth
  2778 | D:3      | Reached XP level 4. HP: 9/18 MP: 1/8
  3385 | D:2      | Learned a level 4 spell: Summon Ice Beast
  3650 | D:2      | Noticed an orange demon
  3650 | D:2      | Noticed a hellwing
  4095 | D:2      | Noticed a small abomination
  5525 | D:2      | Noticed a small abomination
  5525 | D:2      | Noticed a small abomination
  5526 | D:2      | Slain by a small abomination
  5527 | D:2      | Reached XP level 3. HP: -2/15 MP: 4/7
  5697 | D:3      | Noticed a small abomination
  5697 | D:3      | Noticed a small abomination
  5697 | D:3      | Noticed a small abomination
  6170 | D:2      | Noticed a chaos spawn
  6170 | D:2      | Noticed an ice devil
  6270 | D:1      | Killed by miscasting Summon Ice Beast

Skill      XL: |  1  2  3 |
---------------+----------+-----
Stealth        | 3 4 |  4.2
Unarmed Combat | 1 |  1.5
Dodging        | 3 |  3.7
Fighting       | |  0.4
Spellcasting   | |  2.1
Conjurations   | |  0.8
Ice Magic      | |  2.9

Action                   |  1- 3 |  4- 6 || total
-------------------------+-------+-------++-------
Melee: Unarmed           |    79 |     2 ||    81
       Bite              |     6 |       ||     6
 Cast: Freeze            |    50 |     8 ||    58
       Summon Ice Beast  |       |     5 ||     5
  Use: Scroll            |       |     4 ||     4
 Stab: Sleeping          |     4 |       ||     4
       Distracted        |     1 |       ||     1
  Eat: Chunk             |    10 |     1 ||    11
       Pizza             |     1 |       ||     1
       Meat ration       |       |     1 ||     1
Armor: Skin              |    10 |       ||    10
Dodge: Dodged            |   116 |     9 ||   125
